 Dungeon Crawl Stone Soup version 0.30-a0-652-gcc886f7154 (webtiles) character file.

Game seed: 6440373228966084739

1474 OTABOTABOTAB the Skirmisher (level 8, 0/64 HPs)
             Began as a Gnoll Hunter on Jan 18, 2023.
             Was a Follower of Okawaru.
             Slain by a sky beast (6 damage)
             ... on level 6 of the Dungeon.
             The game lasted 00:07:04 (5008 turns).

OTABOTABOTAB the Skirmisher (Gnoll Hunter)          Turns: 5008, Time: 00:07:05

Health: 0/64       AC:  7    Str: 18    XL:     8   Next: 78%
Magic:  22/22      EV: 15    Int:  8    God:    Okawaru [*.....]
Gold:   1129       SH:  0    Dex: 20    Spells: 14/14 levels left

rFire   . . .      SeeInvis .    a - +1 shortbow
rCold   . . .      Faith    .    (shield currently unavailable)
rNeg    . . .      Spirit   .    c - +1 leather armour
rPois   +          Reflect  .    r - +2 hat
rElec   .          Harm     .    w - +0 cloak of the Game of Kings {MP+9 Dex+3}
rCorr   .          Rampage  .    (no gloves)
Will    .....                    (no boots)
Stlth   +++                      i - amulet of the acrobat
HPRegen 0.30/turn                f - +6 ring of strength
MPRegen 0.18/turn                P - ring of poison resistance {rPois, !d}

@: no status effects
A: fangs 1, strong nose, distributed training
a: Renounce Religion, Heroism


You were on level 6 of the Dungeon.
You worshipped Okawaru.
Okawaru was aware of your devotion.
You visited 2 branches of the dungeon, and saw 7 of its levels.

You collected 1149 gold pieces.
You spent 20 gold pieces at shops.

Inventory:

Hand Weapons
 a - a +1 shortbow (weapon)
Missiles
 e - 4 datura-tipped darts
 g - 7 javelins
 s - 31 stones
Armour
 c - a +1 leather armour (worn)
 l - a scarf of shadows
   (You found it on level 3 of the Dungeon)
 r - a +2 hat (worn)
   (You found it on level 4 of the Dungeon)
 u - a +1 hat
   (You found it on level 5 of the Dungeon)
 w - the +0 cloak of the Game of Kings (worn) {MP+9 Dex+3}
   (You found it on level 5 of the Dungeon)

   Dex:       It affects your dexterity (+3).
   MP:        It affects your magic capacity (+9).
Magical Staves
 y - a staff of conjuration
   (You found it on level 5 of the Dungeon)
Jewellery
 f - a +6 ring of strength (left hand)
   (You found it on level 1 of the Dungeon)
 i - an amulet of the acrobat (around neck)
   (You found it on level 3 of the Dungeon)
 m - the ring "Wiupa" {Contam Fly rElec rF+ Dex+5}
   (You found it on level 3 of the Dungeon)

   [ring of protection from fire]

   Dex:       It affects your dexterity (+5).
   rF:        It protects you from fire.
   rElec:     It insulates you from electricity.
   Fly:       It grants you flight.
   Contam:    It causes magical contamination when unequipped.
 F - a ring of protection from fire {rF+, !d}
   (You found it on level 3 of the Dungeon)
 P - a ring of poison resistance (right hand) {rPois, !d}
   (You found it on level 1 of the Dungeon)
 W - a ring of willpower
   (You found it on level 5 of the Dungeon)
 Z - a ring of wizardry {Wiz+, !d}
   (You found it on level 2 of the Dungeon)
Wands
 j - a wand of polymorph (10)
   (You found it on level 6 of the Dungeon)
 o - a wand of quicksilver (13)
   (You found it on level 4 of the Dungeon)
 p - a wand of paralysis (12)
   (You found it on level 5 of the Dungeon)
 q - a wand of flame (15)
   (You found it on level 4 of the Dungeon)
Scrolls
 b - a scroll of poison
 d - a scroll of enchant weapon
 h - 3 scrolls of amnesia
 k - 2 scrolls of identify {@r1}
 n - a scroll of brand weapon
 K - 2 scrolls of immolation {!r}
 Y - 2 scrolls of teleportation {@r3}
Potions
 t - a potion of resistance {unknown}
 v - 2 potions of attraction {unknown}
 B - a potion of brilliance
 J - a potion of curing {@q1}
 L - a potion of flight
 N - 6 potions of heal wounds {@q2}


   Skills:
 + Level 6.0 Fighting
 + Level 3.7 Short Blades
 + Level 3.7 Long Blades
 + Level 3.7 Axes
 + Level 3.7 Maces & Flails
 + Level 3.7 Polearms
 + Level 3.7 Staves
 + Level 9.3 Ranged Weapons
 + Level 3.7 Throwing
 + Level 3.7 Armour
 + Level 6.0 Dodging
 + Level 4.4 Stealth
 + Level 3.7 Shields
 + Level 3.7 Unarmed Combat
 + Level 3.7 Spellcasting
 + Level 3.0 Conjurations
 + Level 3.0 Hexes
 + Level 3.0 Summonings
 + Level 3.0 Necromancy
 + Level 3.0 Translocations
 + Level 3.0 Transmutations
 + Level 3.0 Fire Magic
 + Level 3.0 Ice Magic
 + Level 3.0 Air Magic
 + Level 3.0 Earth Magic
 + Level 3.0 Poison Magic
 + Level 4.1 Invocations
 + Level 3.7 Evocations


You had 14 spell levels left.
You didn't know any spells.
Your spell library contained the following spells:

 Spells                   Type           Power      Damage    Failure   Level
 Necrotise                Necr           24%        1d5       10%         1
 Ensorcelled Hibernation  Hex/Ice        12%        N/A       16%         2
 Static Discharge         Conj/Air       12%        2-3/arc   16%         2
 Gell's Gravitas          Tloc           6%         N/A       30%         3
 Spider Form              Tmut/Pois      6%         N/A       30%         3
 Teleport Other           Tloc           6%         N/A       30%         3
 Vampiric Draining        Necr           6%         2d6       30%         3
 Vhi's Electric Charge    Tloc/Air       12%        N/A       30%         3
 Anguish                  Hex/Necr       3%         N/A       69%         4
 Agony                    Necr           6%         N/A       95%         5
 Arcjolt                  Conj/Air       3%         1d13      95%         5
 Lightning Bolt           Conj/Air       3%         1d14      95%         5
 Dispersal                Tloc           3%         N/A       100%        6


Dungeon Overview and Level Annotations

Branches:
Dungeon (6/15)             Temple (1/1) D:5

Altars:
Ashenzari
Dithmenos
Gozag
Kikubaaqudgha
Okawaru
Qazlal
Sif Muna
Vehumet
Xom
Zin

Shops:
D:5 *   D:6 *


Innate Abilities, Weirdness & Mutations

You have very sharp teeth.
Your uncanny sense of smell can sniff out nearby items.
Your experience applies equally to all skills.


Message History

The orc hits you with a +0 club. The phantom misses you.
Fire: a) +1 shortbow
Aim: a phantom (moderately damaged, 62% to hit)
You shoot an arrow.
The arrow hits the phantom but does no damage.
An orc wizard appears from thin air!
Reactivating autopickup.
The orc wizard hits you with a +0 dagger.
Something hits you but does no damage.
Deactivating autopickup; reactivate with Ctrl-A.
The orc hits you but does no damage. The phantom closely misses you.
You take 3 damage, and have 34/64 hp.
Fire: a) +1 shortbow
Aim: a phantom (moderately damaged, 62% to hit)
You shoot an arrow. The arrow closely misses the phantom.
The orc wizard barely misses you. Something hits you but does no damage.
The orc hits you but does no damage. The phantom closely misses you.
Fire: a) +1 shortbow
Aim: a phantom (moderately damaged, 62% to hit)
You shoot an arrow. The arrow hits the phantom!
The orc wizard hits you but does no damage.
Something hits you but does no damage. The orc hits you but does no damage.
The phantom closely misses you.
Fire: a) +1 shortbow
Aim: a phantom (severely damaged, 62% to hit)
You shoot an arrow. The arrow closely misses the phantom.
The orc wizard closely misses you. Something hits you. Something shocks you.
The orc barely misses you. The phantom hits you.
The phantom blinks!
You blink.
You take 11 damage, and have 24/64 hp.
Fire: a) +1 shortbow
Aim: a phantom (severely damaged, 62% to hit)
You shoot an arrow.
The arrow completely misses the phantom.
The phantom closely misses you.
Fire: a) +1 shortbow
Aim: a phantom (severely damaged, 62% to hit)
You shoot an arrow. The arrow closely misses the phantom.
The phantom hits you but does no damage.
Fire: a) +1 shortbow
Aim: a phantom (severely damaged, 62% to hit)
You shoot an arrow. The arrow closely misses the phantom.
Something barely misses you. The phantom hits you.
The phantom blinks!
You blink.
You take 1 damage, and have 24/64 hp.
Fire: a) +1 shortbow
Aim: a phantom (severely damaged, 62% to hit)
You shoot an arrow. The arrow closely misses the phantom.
The phantom hits you but does no damage.
A sky beast appears from thin air!
Reactivating autopickup.
Fire: a) +1 shortbow
Aim: a phantom (severely damaged, 62% to hit)
You shoot an arrow. The arrow closely misses the phantom.
The phantom misses you.
Fire: a) +1 shortbow
Aim: a phantom (severely damaged, 62% to hit)
You shoot an arrow. The arrow barely misses the phantom.
The orc wizard points at you and mumbles some strange words.
The puff of flame hits you!
* * * LOW HITPOINT WARNING * * *
The sky beast flickers out of sight!
Deactivating autopickup; reactivate with Ctrl-A.
The orc hits you but does no damage. The phantom closely misses you.
You take 8 damage, and have 17/64 hp.
Fire: a) +1 shortbow
Aim: a phantom (severely damaged, 62% to hit)
You shoot an arrow. The arrow hits the phantom.
The orc wizard hits you with a +0 dagger.
* * * LOW HITPOINT WARNING * * *
Something hits you but does no damage. The orc hits you but does no damage.
The phantom misses you.
You take 1 damage, and have 16/64 hp.
Fire: a) +1 shortbow
Aim: a phantom (severely damaged, 62% to hit)
You shoot an arrow.
The arrow hits the phantom but does no damage.
The orc wizard hits you but does no damage.
Something completely misses you. The orc misses you. The phantom hits you.
* * * LOW HITPOINT WARNING * * *
You take 2 damage, and have 14/64 hp.
Fire: a) +1 shortbow
Aim: a phantom (severely damaged, 62% to hit)
You shoot an arrow. The arrow hits the phantom!
The orc wizard misses you. Something hits you.
* * * LOW HITPOINT WARNING * * *
Something shocks you.
* * * LOW HITPOINT WARNING * * *
The orc misses you. The phantom closely misses you.
You take 6 damage, and have 8/64 hp.
Fire: a) +1 shortbow
Aim: a phantom (almost destroyed, 62% to hit)
You shoot an arrow. The arrow hits the phantom!
You destroy the phantom!
Okawaru accepts your kill. The orc barely misses you.
The orc wizard closely misses you. Something hits you.
* * * LOW HITPOINT WARNING * * *
Something shocks you.
You die...

##..........#.........<........♣♣
#....##...###[...###.....##.~~P..
##...##...###....###.....##.~~.P♣
######............#.....##......
#.............#.....########
#.............#......#
###...........#......#
#.......o...#......#
#......)o@..#......#
#...........#......# ∆∆∆
#..######..####...## ∆ ∆∆
#..##..##..######## ∆∆∆
#.............# #.......>.....#
#.............# #.............#
.............#


You could see an orc wizard and an orc.

Vanquished Creatures
  Sigmund (D:3)
  An ice beast (D:5)
  An ogre (D:5)
  A black bear (D:5)
  A centaur (D:6)
  A phantom (D:6)
  2 scorpions (D:5)
  4 wights (D:6)
  4 jellies
  2 hounds (D:5)
  3 orc priests
  Ijyb (D:5)
  Terence (D:2)
  4 orc wizards
  4 gnolls (D:2)
  7 adders
  2 white imps (D:5)
  2 worms
  2 dart slugs
  15 orcs
  6 endoplasms
  A giant cockroach (D:4)
  6 goblins
  11 hobgoblins
  5 quokkas
  8 ball pythons
  3 bats
  3 frilled lizards
  8 kobolds
  2 rats
112 creatures vanquished.

Vanquished Creatures (others)
  11 fungi (D:6)
11 creatures vanquished.

Grand Total: 123 creatures vanquished

Notes
Turn   | Place    | Note
-------+----------+-------------------------------------------
     0 | D:1      | OTABOTABOTAB the Gnoll Hunter began the quest for the Orb.
     0 | D:1      | Reached XP level 1. HP: 20/20 MP: 1/1
   133 | D:1      | Reached XP level 2. HP: 26/26 MP: 2/2
   196 | D:1      | Found a faded altar of an unknown god.
   698 | D:2      | Reached XP level 3. HP: 31/31 MP: 3/3
   732 | D:2      | Reached skill level 1 in Invocations
   822 | D:2      | Noticed Terence
   830 | D:2      | HP: 7/31 [Terence/+1 heavy flail (18)]
   833 | D:2      | Killed Terence
   834 | D:2      | Reached skill level 1 in Short Blades
   834 | D:2      | Reached skill level 1 in Long Blades
   834 | D:2      | Reached skill level 1 in Axes
   834 | D:2      | Reached skill level 1 in Maces & Flails
   834 | D:2      | Reached skill level 1 in Polearms
   834 | D:2      | Reached skill level 1 in Staves
   834 | D:2      | Reached skill level 1 in Throwing
   834 | D:2      | Reached skill level 1 in Armour
   834 | D:2      | Reached skill level 1 in Shields
   834 | D:2      | Reached skill level 1 in Unarmed Combat
   834 | D:2      | Reached skill level 1 in Spellcasting
   834 | D:2      | Reached skill level 1 in Evocations
   834 | D:2      | Reached XP level 4. HP: 9/38 MP: 5/5
  1061 | D:2      | Reached skill level 1 in Conjurations
  1061 | D:2      | Reached skill level 1 in Hexes
  1061 | D:2      | Reached skill level 1 in Summonings
  1061 | D:2      | Reached skill level 1 in Necromancy
  1061 | D:2      | Reached skill level 1 in Translocations
  1061 | D:2      | Reached skill level 1 in Transmutations
  1061 | D:2      | Reached skill level 1 in Fire Magic
  1061 | D:2      | Reached skill level 1 in Ice Magic
  1061 | D:2      | Reached skill level 1 in Air Magic
  1061 | D:2      | Reached skill level 1 in Earth Magic
  1061 | D:2      | Reached skill level 1 in Poison Magic
  1166 | D:2      | Reached XP level 5. HP: 23/43 MP: 5/7
  1410 | D:2      | Found a shimmering blue altar of Sif Muna.
  1789 | D:3      | HP: 7/43 [orc priest/nerve-wracking pain (13)]
  1793 | D:3      | Reached skill level 3 in Stealth
  1793 | D:3      | Reached skill level 2 in Invocations
  2094 | D:3      | Identified the ring "Wiupa" {Contam Fly rElec rF+ Dex+5}
  2209 | D:3      | Reached XP level 6. HP: 50/50 MP: 8/8
  2303 | D:3      | Noticed Sigmund
  2310 | D:3      | Killed Sigmund
  2311 | D:3      | Reached skill level 5 in Fighting
  2311 | D:3      | Reached skill level 2 in Short Blades
  2311 | D:3      | Reached skill level 2 in Long Blades
  2311 | D:3      | Reached skill level 2 in Axes
  2311 | D:3      | Reached skill level 2 in Maces & Flails
  2311 | D:3      | Reached skill level 2 in Polearms
  2311 | D:3      | Reached skill level 2 in Staves
  2311 | D:3      | Reached skill level 2 in Throwing
  2311 | D:3      | Reached skill level 2 in Armour
  2311 | D:3      | Reached skill level 5 in Dodging
  2311 | D:3      | Reached skill level 2 in Shields
  2311 | D:3      | Reached skill level 2 in Unarmed Combat
  2311 | D:3      | Reached skill level 2 in Spellcasting
  2311 | D:3      | Reached skill level 2 in Evocations
  2812 | D:4      | Reached XP level 7. HP: 49/56 MP: 10/10
  3269 | D:4      | Reached skill level 2 in Conjurations
  3269 | D:4      | Reached skill level 2 in Hexes
  3269 | D:4      | Reached skill level 2 in Summonings
  3269 | D:4      | Reached skill level 2 in Necromancy
  3269 | D:4      | Reached skill level 2 in Translocations
  3269 | D:4      | Reached skill level 2 in Transmutations
  3269 | D:4      | Reached skill level 2 in Fire Magic
  3269 | D:4      | Reached skill level 2 in Ice Magic
  3269 | D:4      | Reached skill level 2 in Air Magic
  3269 | D:4      | Reached skill level 2 in Earth Magic
  3269 | D:4      | Reached skill level 2 in Poison Magic
  3462 | D:5      | Entered Level 5 of the Dungeon
  3531 | D:5      | Found Lyulochu's Neck Hole.
  3541 | D:5      | Reached skill level 9 in Ranged Weapons
  3670 | D:5      | Reached skill level 3 in Invocations
  3819 | D:5      | Reached skill level 3 in Short Blades
  3819 | D:5      | Reached skill level 3 in Long Blades
  3819 | D:5      | Reached skill level 3 in Axes
  3819 | D:5      | Reached skill level 3 in Maces & Flails
  3819 | D:5      | Reached skill level 3 in Polearms
  3819 | D:5      | Reached skill level 3 in Staves
  3819 | D:5      | Reached skill level 3 in Throwing
  3819 | D:5      | Reached skill level 3 in Armour
  3819 | D:5      | Reached skill level 3 in Shields
  3819 | D:5      | Reached skill level 3 in Unarmed Combat
  3819 | D:5      | Reached skill level 3 in Spellcasting
  3819 | D:5      | Reached skill level 3 in Evocations
  3953 | D:5      | Found a staircase to the Ecumenical Temple.
  3962 | Temple   | Entered the Ecumenical Temple
  3972 | Temple   | Became a worshipper of Warmaster Okawaru
  4019 | D:5      | Reached XP level 8. HP: 63/63 MP: 12/12
  4036 | D:5      | Noticed Ijyb
  4044 | D:5      | Killed Ijyb
  4169 | D:5      | Identified the +0 cloak of the Game of Kings {MP+9 Dex+3}
  4185 | D:5      | Reached skill level 4 in Stealth
  4273 | D:5      | Found a stormy altar of Qazlal.
  4573 | D:5      | Found a glowing silver altar of Zin.
  4573 | D:5      | Noticed an angel
  4888 | D:6      | Reached * piety under Okawaru
  4889 | D:6      | Reached skill level 4 in Invocations
  4898 | D:6      | Reached skill level 3 in Conjurations
  4898 | D:6      | Reached skill level 3 in Hexes
  4898 | D:6      | Reached skill level 3 in Summonings
  4898 | D:6      | Reached skill level 3 in Necromancy
  4898 | D:6      | Reached skill level 3 in Translocations
  4898 | D:6      | Reached skill level 3 in Transmutations
  4898 | D:6      | Reached skill level 3 in Fire Magic
  4898 | D:6      | Reached skill level 3 in Ice Magic
  4898 | D:6      | Reached skill level 3 in Air Magic
  4898 | D:6      | Reached skill level 3 in Earth Magic
  4898 | D:6      | Reached skill level 3 in Poison Magic
  4906 | D:6      | Found Yskor's Assorted Antiques.
  4911 | D:6      | Bought a scroll labelled DOISOD KEME for 20 gold pieces
  4913 | D:6      | Identified a scroll of acquirement
  4913 | D:6      | Acquired 909 gold pieces
  4963 | D:6      | Reached skill level 6 in Fighting
  4963 | D:6      | Reached skill level 6 in Dodging
  5005 | D:6      | HP: 16/64 [orc wizard/+0 dagger (2)]
  5008 | D:6      | HP: 6/64 [something (2)]
  5008 | D:6      | Slain by a sky beast

Illustrated notes

Levels and vault maps discovered:
D:1:      dpeg_arrival_rooms_c, layout_basic,
          shapermc_ecumenical_altar_mp_ritualfount
D:2:      layout_loops_ring, basic_altar, kennysheep_generic_room_9,
          uniq_terence
D:3:      layout_basic, feat_on_display, uniq_sigmund
D:4:      layout_basic
D:5:      layout_gridville, kennysheep_mini_moat, zin_angel,
          minmay_temple_entry_poolview, minmay_misc_feat_hallway,
          nicolae_shop_sticking_my_neck_out, uniq_ijyb
D:6:      layout_gridville, old_standard_altar, mainiacjoe_overflow_chevrons,
          nicolae_elyvilon_peaceful_grove, serial_shops, shop,
          minmay_fractal_squares_5, uniq_grinder, uniq_crazy_yiuf_cottage
Temple:   eino_temple_lava

Skill      XL: |  1  2  3  4  5  6  7  8 |
---------------+-------------------------+-----
Invocations    | 1 2 3 4 |  4.1
Short Blades   | 1 2 3 |  3.7
Long Blades    | 1 2 3 |  3.7
Axes           | 1 2 3 |  3.7
Maces & Flails | 1 2 3 |  3.7
Polearms       | 1 2 3 |  3.7
Staves         | 1 2 3 |  3.7
Throwing       | 1 2 3 |  3.7
Armour         | 1 2 3 |  3.7
Shields        | 1 2 3 |  3.7
Unarmed Combat | 1 2 3 |  3.7
Spellcasting   | 1 2 3 |  3.7
Evocations     | 1 2 3 |  3.7
Conjurations   | 1 2 3 |  3.0
Hexes          | 1 2 3 |  3.0
Summonings     | 1 2 3 |  3.0
Necromancy     | 1 2 3 |  3.0
Translocations | 1 2 3 |  3.0
Transmutations | 1 2 3 |  3.0
Fire Magic     | 1 2 3 |  3.0
Ice Magic      | 1 2 3 |  3.0
Air Magic      | 1 2 3 |  3.0
Earth Magic    | 1 2 3 |  3.0
Poison Magic   | 1 2 3 |  3.0
Stealth        | 3 4 |  4.4
Fighting       | 5 6 |  6.0
Dodging        | 5 6 |  6.0
Ranged Weapons | 9 |  9.3

Action                   |  1- 3 |  4- 6 |  7- 9 || total
-------------------------+-------+-------+-------++-------
 Fire: Shortbow          |    82 |   119 |   248 ||   449
  Use: Scroll            |     4 |     8 |     3 ||    15
Armor: Leather armour    |     2 |     5 |    50 ||    57
Dodge: Dodged            |    12 |    10 |    92 ||   114

Table legend: (Time is in decaauts)
 A = Elapsed time spent in this place.
 B = Non-inter-level travel time spent in this place.
 C = Inter-level travel time spent in this place.
 D = Time resting spent in this place.
 E = Time spent auto-exploring this place.
 F = Levels seen in this place.
 G = Mean time per level.
                   A        B        C        D        E       F      G
               +--------+--------+--------+--------+--------+-----+--------+
         Total |   5047 |   4965 |     82 |    129 |   4068 |   7 |  721.0 |
       Dungeon |   5028 |   4952 |     76 |    129 |   4068 |   6 |  838.0 |
        Temple |     18 |     12 |      6 |      0 |      0 |   1 |   18.0 |
               +--------+--------+--------+--------+--------+-----+--------+

Top non-repeatable levels by time:
     D:5: 1328 daAuts
     D:3: 1028 daAuts
     D:2: 930 daAuts
     D:4: 830 daAuts
     D:1: 695 daAuts
     D:6: 215 daAuts
  Temple: 18 daAuts

Table legend:
 A = Kills in this place as a percentage of kills in entire the game.
 B = Kills by you in this place as a percentage of kills by you in the entire game.
 C = Kills by friends in this place as a percentage of kills by friends in the entire game.
 D = Other kills in this place as a percentage of other kills in the entire game.
 E = Experience gained in this place as a percentage of experience gained in the entire game.
 F = Experience gained in this place divided by the number of levels of this place that you have seen.
                   A       B       C       D       E      F
               +-------+-------+-------+-------+-------+----------------------
         Total | 100.0 | 100.0 |   N/A |   N/A | 100.0 | 316.1
       Dungeon | 100.0 | 100.0 |   N/A |   N/A | 100.0 | 368.8
               +-------+-------+-------+-------+-------+----------------------
